 Dungeon Crawl Stone Soup version 0.28.0-43-g3370ac3207 (webtiles) character file.

Game seed: 4757776651005769239

870 pkoi the Grappler (level 7, -9/57 HPs)
             Began as a Purple Draconian Monk on Mar 10, 2022.
             Was a Follower of Okawaru.
             Mangled by a red ugly thing (12 damage)
             ... on level 5 of the Dungeon.
             The game lasted 00:06:31 (6937 turns).

pkoi the Grappler (Purple Draconian Monk)           Turns: 6937, Time: 00:06:32

Health: -9/57      AC:  7    Str: 14    XL:     7   Next: 73%
Magic:  5/7        EV: 19    Int: 12    God:    Okawaru [*.....]
Gold:   323        SH:  0    Dex: 13    Spells: 6/6 levels left

rFire   . . .      SeeInvis +     - Unarmed
rCold   . . .      Faith    .   (no shield)
rNeg    . . .      Spirit   .   (armour unavailable)
rPois   .          Reflect  .   (helmet restricted)
rElec   .          Harm     .   (no cloak)
rCorr   .          Rampage  .   i - +0 pair of gloves
Will    +....                   (no boots)
Stlth   +++.......              (no amulet)
HPRegen 0.19/turn               a - +4 ring of evasion
MPRegen 0.10/turn               b - ring of see invisible

@: heroic, studying Evocations
A: breathe power, AC +6, unfitting armour, cold-blooded
a: Breathe Dispelling Energy, Renounce Religion, Heroism


You were on level 5 of the Dungeon.
You worshipped Okawaru.
Okawaru was aware of your devotion.
You visited 2 branches of the dungeon, and saw 7 of its levels.

You collected 323 gold pieces.

Inventory:

Hand Weapons
 f - a +2 dagger of freezing
Missiles
 q - 7 curare-tipped darts (quivered)
Armour
 i - a +0 pair of gloves (worn)
Jewellery
 a - a +4 ring of evasion (left hand)
 b - a ring of see invisible (right hand)
 k - a ring of wizardry
Wands
 h - a wand of iceblast (4)
Scrolls
 g - 3 scrolls of identify
 j - 2 scrolls of teleportation
 l - 2 scrolls of enchant weapon
 p - a scroll of brand weapon {unknown}
Potions
 c - 2 potions of ambrosia
 d - 2 potions of haste
 e - a potion of flight
 m - 2 potions of brilliance {unknown}
 n - 3 potions of cancellation {unknown}
 o - a potion of berserk rage


   Skills:
 + Level 3.2(8.2) Fighting
 + Level 2.6(7.6) Dodging
 - Level 1.7(6.7) Stealth
 * Level 9.1(14.1) Unarmed Combat
 + Level 0.0 Invocations
 + Level 3.2 Evocations


You had 6 spell levels left.
You didn't know any spells.
Your spell library contained the following spells:

 Spells                   Type           Power      Damage    Failure   Level
 Sandblast                Erth           0%         2d4       32%         1
 Sting                    Tmut/Pois      0%         1d3       32%         1
 Blink                    Tloc           0%         N/A       45%         2
 Passwall                 Tmut/Erth      0%         N/A       45%         2
 Poisonous Vapours        Pois/Air       0%         N/A       45%         2
 Gell's Gravitas          Tloc           0%         N/A       69%         3
 Lesser Beckoning         Tloc           0%         N/A       69%         3
 Stone Arrow              Conj/Erth      0%         3d7       69%         3
 Teleport Other           Tloc           0%         N/A       69%         3
 Olgreb's Toxic Radiance  Pois           0%         N/A       97%         4
 Manifold Assault         Tloc           0%         N/A       100%        5
 Dispersal                Tloc           0%         N/A       100%        6


Dungeon Overview and Level Annotations

Branches:
Dungeon (6/15)             Temple (1/1) D:5

Altars:
Cheibriados
Dithmenos
Elyvilon
Fedhas
Gozag
Hepliaklqana
Kikubaaqudgha
Makhleb
Nemelex Xobeh
Okawaru
Qazlal
Ru
Sif Muna
Trog
Uskayaw
Vehumet
Wu Jian
Xom
Yredelemnul
Zin
The Shining One

Shops:
D:2 =

Annotations:
D:6 Edmund


Innate Abilities, Weirdness & Mutations

You can breathe bolts of dispelling energy.
Your rich purple scales are hard. (AC +6)
You cannot fit into any form of body armour.
You are cold-blooded and may be slowed by cold attacks.


Message History

There are monsters nearby!
There are monsters nearby!
There are monsters nearby!
Found a Young Poisoner's Handbook.
The red ugly thing gurgles horribly!
The centaur skeleton hits you but does no damage.
The centaur skeleton barely misses you.
You punch the centaur skeleton!
You tail-slap the centaur skeleton, but do no damage.
The centaur skeleton is moderately damaged.
The centaur skeleton hits you. The centaur skeleton barely misses you.
A bullfrog skeleton comes into view.
The centaur skeleton closely misses you.
The centaur skeleton kicks you but does no damage.
Edmund shouts!
There is a stone staircase leading up here.
The centaur skeleton closely misses you. x2
The red ugly thing kicks you!
You are engulfed in flames!
* * * LOW HITPOINT WARNING * * *
You climb upwards.
There is a stone staircase leading down here.
Unknown command.
You gain the combat prowess of a mighty hero.
The red ugly thing completely misses you.
You punch the red ugly thing! Your punch misses the red ugly thing.
The red ugly thing is moderately wounded.
The red ugly thing misses you.
You barely miss the red ugly thing.
The red ugly thing is moderately wounded.
The red ugly thing kicks you!
* * * LOW HITPOINT WARNING * * *
You are engulfed in flames!
* * * LOW HITPOINT WARNING * * *
You closely miss the red ugly thing.
You tail-slap the red ugly thing, but do no damage.
The red ugly thing is moderately wounded.
The red ugly thing kicks you.
* * * LOW HITPOINT WARNING * * *
You are engulfed in flames!
You die...

## ###########.
#.........'.
#.#########. #.#
#####.
###########.#####.....
#....@u....>..........
#.###############.....
#.......<.# #.....
#####..####...# ######
#......####>..# #..
#.###.........# #..
#.#...........# #..
#.##..........#### #..
#.##.............# #..


You could see a red ugly thing.

Vanquished Creatures
  A kobold demonologist (D:5)
  A black bear (D:4)
  2 kobold brigands (D:5)
  A scorpion (D:4)
  A water moccasin zombie (D:5)
  A hound (D:5)
  An orc priest (D:4)
  An iguana (D:4)
  8 adders
  A shadow imp (D:5)
  2 dart slugs
  4 orcs
  9 bats
  9 endoplasms
  4 giant cockroaches
  2 goblins
  4 hobgoblins
  2 quokkas
  7 ball pythons
  5 frilled lizards
  13 kobolds
  25 rats
104 creatures vanquished.

Vanquished Creatures (others)
  4 toadstools (D:1)
4 creatures vanquished.

Grand Total: 108 creatures vanquished

Notes
Turn   | Place    | Note
-------+----------+-------------------------------------------
     0 | D:1      | pkoi the Draconian Monk began the quest for the Orb.
     0 | D:1      | Reached XP level 1. HP: 19/19 MP: 1/1
   304 | D:1      | Reached XP level 2. HP: 18/26 MP: 2/2
   985 | D:2      | Reached skill level 4 in Unarmed Combat
  1276 | D:2      | Found Ibiesim's Jewellery Boutique.
  1286 | D:2      | Reached XP level 3. HP: 31/31 MP: 3/3
  1975 | D:2      | Found a faded altar of an unknown god.
  2283 | D:3      | Reached XP level 4. HP: 38/38 MP: 4/4
  2292 | D:3      | Reached skill level 5 in Unarmed Combat
  3520 | D:4      | Noticed a black bear
  3607 | D:4      | Reached XP level 5. HP: 39/45 MP: 5/5
  4068 | D:4      | Reached skill level 6 in Unarmed Combat
  4569 | D:5      | Entered Level 5 of the Dungeon
  4653 | D:5      | Identified a scroll of acquirement
  4653 | D:5      | Acquired a manual of Evocations
  4752 | D:4      | Reached skill level 1 in Evocations
  5101 | D:4      | Killed a black bear
  5102 | D:4      | Reached XP level 6. HP: 51/51 MP: 6/6
  5495 | D:5      | Reached skill level 7 in Unarmed Combat
  5956 | D:5      | Noticed a kobold demonologist
  5968 | D:5      | Noticed a hellwing
  5969 | D:5      | Reached skill level 8 in Unarmed Combat
  5969 | D:5      | Your scales start taking on a rich purple colour.
  5969 | D:5      | Reached XP level 7. HP: 33/57 MP: 7/7
  5969 | D:5      | Killed a kobold demonologist
  5970 | D:5      | Reached skill level 9 in Unarmed Combat
  6347 | D:5      | Found a staircase to the Ecumenical Temple.
  6450 | Temple   | Entered the Ecumenical Temple
  6662 | Temple   | Became a worshipper of Warmaster Okawaru
  6662 | Temple   | Reached * piety under Okawaru
  6662 | Temple   | Reached ** piety under Okawaru
  6920 | D:6      | Noticed Edmund
  6920 | D:6      | Noticed a red ugly thing
  6937 | D:5      | Mangled by a red ugly thing

Illustrated notes

Levels and vault maps discovered:
D:1:      ldierk_water_garden, layout_basic,
          nicolae_concentric_dashed_squares_mild
D:2:      layout_basic, dreamdust_ecumenical_altar_angels_and_demons,
          serial_shops, shop, st_stairs_8, minmay_rat_hole
D:3:      layout_basic, minmay_joined_circles
D:4:      black_bear_nest_2, layout_gridville
D:5:      layout_basic, minmay_temple_entry_nine_rooms,
          minmay_fractal_squares_diagonal_5
D:6:      layout_loops_ring, nicolae_ashenzari_panopticon,
          minmay_misc_feat_ornament, uniq_edmund
Temple:   mainiacjoe_temple_hex_bubbles

Skill      XL: |  1  2  3  4  5  6  7 |
---------------+----------------------+-----
Unarmed Combat | 4 5 6 8 9 |  9.1
Evocations     | 2 3 |  3.2
Fighting       | |  3.2
Dodging        | |  2.6
Stealth        | |  1.7

Action                   |  1- 3 |  4- 6 |  7- 9 || total
-------------------------+-------+-------+-------++-------
Melee: Unarmed           |   141 |   144 |    15 ||   300
       Tailslap          |    13 |    13 |     3 ||    29
       Punch             |     4 |     5 |       ||     9
Invok: Heroism           |       |       |     1 ||     1
Evoke: Wand              |       |     5 |       ||     5
  Use: Scroll            |       |    15 |       ||    15
       Potion            |       |     2 |       ||     2
 Stab: Sleeping          |     6 |     6 |       ||    12
Armor: Skin              |    25 |    26 |     4 ||    55
Dodge: Dodged            |    87 |   108 |    20 ||   215
